 Dungeon Crawl Stone Soup version 0.31-a0-1074-g0b22e4e0f1 (webtiles) character file.

Game seed: 15456750897054451721

224 horus123 the Magician (level 5, -5/26 (28) HPs)
             Began as a Deep Elf Earth Elementalist on Dec 2, 2023.
             Slain by a wight
             ... wielding a +0 long sword
              (12 damage)
             ... on level 4 of the Dungeon.
             The game lasted 00:04:10 (2642 turns).

horus123 the Magician (Deep Elf Earth Elementalist) Turns: 2642, Time: 00:04:11

HP:   -5/26 (28)    AC:  7    Str:  5    XL:     5   Next: 67%
MP:   19/24         EV: 12    Int: 25    God:
Gold: 160           SH:  0    Dex: 15    Spells: 0/16 levels left

rFire   . . .        i - +2 dagger (venom)
rCold   . . .        (no shield)
rNeg    . . .        a - +0 robe
rPois   .            f - +0 helmet
rElec   .            h - +0 cloak
rCorr   .            n - +2 pair of gloves of Repulsion {Int+3 SInv}
SInv    +            (no boots)
Will    .....        (no amulet)
Stlth   ++           l - ring of magical power
HPRegen 0.24/turn    (no ring)
MPRegen 0.19/turn

%: no passive effects
@: about to teleport, drained
A: no striking features
a: no special abilities


You were on level 4 of the Dungeon.
You visited 1 branch of the dungeon, and saw 4 of its levels.

You collected 160 gold pieces.

Inventory:

Hand Weapons
 i - a +2 dagger of venom (weapon)
Armour
 a - a +0 robe (worn)
 f - a +0 helmet (worn)
 h - a +0 cloak (worn)
 n - the +2 pair of gloves of Repulsion (worn) {Int+3 SInv}
   (You found it on level 2 of the Dungeon)

   Int+3:     It affects your intelligence (+3).
   SInv:      It lets you see invisible.
Jewellery
 l - a ring of magical power (left hand)
Scrolls
 c - 2 scrolls of noise
 d - 3 scrolls of teleportation
 k - a scroll of enchant weapon
 m - a scroll of immolation
 p - a scroll of poison
 q - a scroll of enchant armour {unknown}
 r - a scroll of torment {unknown}
Potions
 b - a potion of magic
 e - 5 potions of curing {unknown}
 g - a potion of cancellation {unknown}
 j - 3 potions of resistance {unknown}
 o - a potion of lignification {unknown}


   Skills:
 - Level 2.4 Dodging
 - Level 2.4 Stealth
 - Level 6.0 Spellcasting
 - Level 4.2 Conjurations
 - Level 1.1 Transmutations
 + Level 3.2 Earth Magic


You couldn't memorise any spells.
You knew the following spells:

 Your Spells              Type           Power      Damage    Failure   Level
a - Sandblast             Erth           46%        2d11      1%          1
b - Stone Arrow           Conj/Erth      52%        3d10      4%          3
c - Blink                 Tloc           14%        N/A       11%         2
d - Passwall              Tmut/Erth      15%        N/A       4%          2
e - Petrify               Tmut/Erth      18%        N/A       30%         4
f - Brom's Barrelling Bo  Conj/Erth      26%        2d5       16%         4

Your spell library contained the following spells:

 Spells                   Type           Power      Damage    Failure   Level
 Momentum Strike          Conj/Tloc      36%        3d9       4%          2
 Summon Small Mammal      Summ           28%        N/A       8%          1
 Cigotuvi's Dreadful Rot  Necr/Pois/Air  14%        N/A       11%         2
 Lesser Beckoning         Tloc           14%        N/A       11%         2
 Call Canine Familiar     Summ           7%         N/A       22%         3
 Summon Guardian Golem    Hex/Summ       7%         N/A       22%         3
 Dispel Undead            Necr           7%         3d8       58%         4
 Death Channel            Necr           3%         N/A       100%        6


Dungeon Overview and Level Annotations

Branches:
Dungeon (4/15)
 Temple: D:4-7

Altars:


Message History

Nothing appears to happen.
The wight closely misses you.
Aiming: Sandblast (safe; 1% risk of failure)
Press: ? - help, Q - select action, (/) - cycle Shift-Dir - straight line, f/p - wight
Aim: a wight, wielding a +0 flail and wearing a +0 robe (severely damaged, 83% to hit)
The blast of sand hits the wight.
You destroy the wight!
Your life force feels restored.
Your Conjurations skill increases to level 4!
You start resting.
Your magical contamination has completely faded away.
You start resting.
An adder comes into view.
An adder is nearby!
You can't see any susceptible monsters within range! (Use Z to cast anyway.)
A wight comes into view. It is wielding a +0 short sword.
You can't see any susceptible monsters within range! (Use Z to cast anyway.)
A wight comes into view. It is wielding a +0 falchion.
You can't see any susceptible monsters within range! (Use Z to cast anyway.)
You can't see any susceptible monsters within range! (Use Z to cast anyway.)
A wight comes into view. It is wielding a +0 long sword.
Found 6 stones.
The blast of sand hits the wight.
The wight is lightly damaged.
The blast of sand hits the wight!
The wight is heavily damaged.
The blast of sand hits the wight.
The wight is severely damaged.
The wight hits you with a +0 short sword!
The blast of sand hits the wight but does no damage.
The wight is severely damaged.
The wight hits you with a +0 falchion.
You feel drained.
The wight hits you with a +0 short sword.
* * * LOW HITPOINT WARNING * * *
You feel drained. The wight barely misses you. The wight closely misses you. x2
You are too injured to fight recklessly!
As you read the scroll of teleportation, it crumbles to dust.
You feel strangely unstable.
The wight hits you with a +0 long sword!
You die...

.......
#..####....## ......
#...# ##..## ...#
#...# #.....
#####...####(......
#...#..)#.....##....
#...#...>.##.## ....
##............. ...
#.........##... ..
S........@.......
........zzz......
###....#.........
#.........###.#
#.....#.#.# .
...#####.... #.(
###... ..##


You could see 3 wights.

Vanquished Creatures
  A phantom (D:4)
  A wight (D:4)
  5 adders
  2 worms (D:2)
  An orc (D:3)
  5 endoplasms
  2 goblins
  5 hobgoblins
  6 jackals
  A quokka (D:2)
  A ball python (D:1)
  9 bats
  2 frilled lizards (D:1)
  6 kobolds
  4 rats
51 creatures vanquished.

Notes
Turn   | Place    | Note
-------+----------+-------------------------------------------
     0 | D:1      | horus123 the Deep Elf Earth Elementalist began the quest
                  | for the Orb.
     0 | D:1      | Reached XP level 1. HP: 10/10 MP: 6/6
   275 | D:1      | Reached skill level 4 in Spellcasting
   275 | D:1      | Reached XP level 2. HP: 15/15 MP: 5/9
  1054 | D:2      | Found a faded altar of an unknown god.
  1061 | D:2      | Identified the +2 pair of gloves of Repulsion {Int+3 SInv}
  1074 | D:2      | Reached XP level 3. HP: 19/19 MP: 7/11
  1078 | D:2      | Learned a level 3 spell: Stone Arrow
  1081 | D:2      | Learned a level 2 spell: Blink
  1084 | D:2      | Learned a level 2 spell: Passwall
  1126 | D:2      | Reached skill level 5 in Spellcasting
  1452 | D:2      | Reached XP level 4. HP: 24/24 MP: 10/13
  1469 | D:2      | Reached skill level 6 in Spellcasting
  1658 | D:2      | Learned a level 4 spell: Petrify
  1792 | D:3      | Reached skill level 1 in Conjurations
  1893 | D:3      | Identified the +1 leather armour of Lilar {rC+ rCorr Dex-5}
  2540 | D:4      | Noticed a phantom
  2545 | D:4      | Killed a phantom
  2546 | D:4      | Reached XP level 5. HP: 25/28 MP: 15/15
  2577 | D:4      | Learned a level 4 spell: Brom's Barrelling Boulder
  2642 | D:4      | Slain by a wight

Illustrated notes

Levels and vault maps discovered:
D:1:      psy_arrival_heroes, layout_loops_ring, nrook_uturn
D:2:      layout_rooms, hellmonk_ecumenical_altar_blasted, grunt_ministairs_10
D:3:      layout_basic, nicolae_twisty_statue_hallways
D:4:      layout_rooms, uniq_robin, uniq_blork_the_orc, uniq_duvessa

Skill      XL: |  1  2  3  4  5 |
---------------+----------------+-----
Spellcasting   | 4 5 6 |  6.0
Conjurations   | 3 4 |  4.2
Dodging        | |  2.4
Stealth        | |  2.4
Transmutations | |  1.1
Earth Magic    | |  3.2

Action                     |  1- 3 |  4- 6 || total
---------------------------+-------+-------++-------
   Cast: Sandblast         |    55 |    38 ||    93
    Use: Scroll            |     4 |     2 ||     6
 Armour: Robe              |    11 |    11 ||    22
  Dodge: Dodged            |    16 |    14 ||    30

Table legend: (Time is in decaauts)
 A = Elapsed time spent in this place.
 B = Non-inter-level travel time spent in this place.
 C = Inter-level travel time spent in this place.
 D = Time resting spent in this place.
 E = Time spent auto-exploring this place.
 F = Levels seen in this place.
 G = Mean time per level.
                   A        B        C        D        E       F      G
               +--------+--------+--------+--------+--------+-----+--------+
         Total |   2686 |   2596 |     90 |     14 |   2201 |   4 |  671.5 |
       Dungeon |   2686 |   2596 |     90 |     14 |   2201 |   4 |  671.5 |
               +--------+--------+--------+--------+--------+-----+--------+

Top non-repeatable levels by time:
     D:1: 921 daAuts
     D:3: 825 daAuts
     D:2: 819 daAuts
     D:4: 120 daAuts
